 Dungeon Crawl Stone Soup version 0.30-a0-122-g2a1322497e (webtiles) character file.

Game seed: 7037765895373265751

2044 greasedhog the Tainter (level 9, -3/54 HPs)
             Began as a Gargoyle Venom Mage on Sept 16, 2022.
             Slain by a two-headed ogre
             ... wielding a +0 giant club
              (21 damage)
             ... on level 7 of the Dungeon.
             The game lasted 00:13:54 (8611 turns).

greasedhog the Tainter (Gargoyle Venom Mage)        Turns: 8611, Time: 00:13:54

Health: -3/54      AC: 12    Str: 13    XL:     9   Next: 24%
Magic:  8/25       EV: 11    Int: 19    God:
Gold:   539        SH:  3    Dex: 10    Spells: 6/18 levels left

rFire   . . .      SeeInvis .    r - +2 whip (venom)
rCold   . . .      Faith    .    q - +0 buckler
rNeg    + + .      Spirit   .    w - +1 robe {rN+}
rPois   ∞          Reflect  .    k - +0 helmet
rElec   +          Harm     .    (no cloak)
rCorr   .          Rampage  .    g - +1 pair of gloves
Will    .....                    (no boots)
Stlth   ++........               (no amulet)
HPRegen 0.18/turn                p - ring of magical power
MPRegen 0.19/turn                (no ring)

@: no status effects
A: sickness immunity, AC +6, negative energy resistance 1, electricity
resistance, torment resistance 1, petrification resistance
a: no special abilities


You were on level 7 of the Dungeon.
You visited 1 branch of the dungeon, and saw 7 of its levels.

You collected 539 gold pieces.

Inventory:

Hand Weapons
 r - a +2 whip of venom (weapon)
Armour
 g - a +1 pair of gloves (worn)
 k - a +0 helmet (worn)
 q - a +0 buckler (worn)
 w - a +1 robe of positive energy (worn)
Jewellery
 p - a ring of magical power (left hand)
Wands
 o - a wand of paralysis (9)
Scrolls
 a - a scroll of amnesia
 d - a scroll of torment
 h - a scroll of teleportation
 i - 4 scrolls of magic mapping
 l - a scroll of fear
 m - a scroll of blinking {unknown}
 n - a scroll of brand weapon {unknown}
 s - 2 scrolls of noise {unknown}
Potions
 b - a potion of magic
 c - a potion of berserk rage {unknown}
 e - a potion of mutation {unknown}
 f - 4 potions of lignification {unknown}
 j - 4 potions of curing {unknown}
 t - a potion of experience {unknown}
 u - a potion of heal wounds
 v - a potion of might {unknown}


   Skills:
 - Level 5.1 Fighting
 * Level 2.1 Armour
 - Level 1.5 Dodging
 - Level 2.1 Stealth
 - Level 5.0 Spellcasting
 * Level 5.7 Conjurations
 - Level 1.0 Transmutations
 * Level 8.0 Poison Magic


You had 6 spell levels left.
You knew the following spells:

 Your Spells              Type           Power      Damage    Failure   Level
a - Sting                 Tmut/Pois      88%        1d7       2%          1
b - Poisonous Vapours     Pois/Air       40%        N/A       4%          2
c - Mephitic Cloud        Conj/Pois/Air  22%        N/A       8%          3
d - Olgreb's Toxic Radia  Pois           35%        N/A       6%          4
e - Blink                 Tloc           8%         N/A       26%         2

Your spell library contained the following spells:

 Spells                   Type           Power      Damage    Failure   Level
 Magic Dart               Conj           100%       1d8       1%          1
 Searing Ray              Conj           52%        2d6       2%          2
 Lesser Beckoning         Tloc           4%         N/A       45%         3
 Fulminant Prism          Conj/Hex       7%         3d7       45%         4
 Manifold Assault         Tloc           4%         N/A       86%         4


Dungeon Overview and Level Annotations

Branches:
Dungeon (7/15)             Temple (0/1) D:7

Altars:
Dithmenos
Gozag
Nemelex Xobeh
Qazlal
Sif Muna

Shops:
D:1 (   D:6 [

Annotations:
D:3 1 runed translucent door, Crazy Yiuf


Innate Abilities, Weirdness & Mutations

You are immune to sickness and miasma.
Your stone body is resilient. (AC +6)
You are immune to poison.
You resist negative energy. (rN+)
You are resistant to electric shocks. (rElec)
You are resistant to unholy torment.
You are immune to petrification.


Message History

The two-headed ogre hits the necrophage with a +0 giant club!!
The two-headed ogre barely misses the necrophage.
Casting: Sting (safe; 2% risk of failure)
Confirm with . or Enter, or press ? or * to list all spells.
You begin to radiate toxic energy.
You hit the necrophage.
The necrophage is almost destroyed.
The two-headed ogre looks as sick as possible!
The ufetubus is poisoned.
Your toxic aura wanes.
The necrophage hits you but does no damage.
You closely miss the necrophage.
The necrophage is almost destroyed.
The two-headed ogre seems less confused.
The necrophage hits you.
You hit the necrophage.
You destroy the necrophage!
The two-headed ogre closely misses you.
The two-headed ogre hits you with a +0 giant spiked club!
Your Armour skill increases to level 2!
A centaur comes into view.
The ufetubus hits you but does no damage. x2
Casting: Olgreb's Toxic Radiance (dangerous; 6% risk of failure)
Confirm with . or Enter, or press ? or * to list all spells.
Aiming: Mephitic Cloud (dangerous; 8% risk of failure)
Press: ? - help, Shift-Dir - straight line, f/p - two-headed ogre
Aim: a two-headed ogre, wielding a +0 giant club and a +0 giant spiked club (heavily wounded, very poisoned, chance to affect: 53%)
The ball explodes into a vile cloud!
The stinking cloud engulfs the two-headed ogre but does no damage.
The two-headed ogre is heavily wounded.
The stinking cloud engulfs you but does no damage.
The stinking cloud engulfs the ufetubus but does no damage.
The ufetubus is almost dead.
You hear a shout!
You kill the ufetubus!
The centaur wields a +0 shortbow.
The centaur shoots an arrow.
The arrow misses you.
The two-headed ogre is engulfed in noxious fumes.
The two-headed ogre hits you with a +0 giant club!!
You die...

.#. ... #c# .#
##.###....
#......... #..#
#§§# #.O# #@.#
.#
######..###.8.#
...............
#######.##8.>.8
#.# .... #.#
8.#
###########.#
..
.......<....# #
#############


You could see a two-headed ogre (very poisoned) and a centaur.

Vanquished Creatures
  Sigmund (D:6)
  Edmund (D:4)
  A water moccasin (D:5)
  3 black bears
  An ice beast (D:6)
  An ogre (D:5)
  2 centaurs
  2 gnoll sergeants
  2 necrophages
  2 scorpions
  3 jellies
  2 hounds
  An orc priest (D:5)
  Ijyb (D:3)
  2 orc wizards
  2 iguanas
  Robin (D:3)
  8 adders
  15 gnolls
  A shadow imp (D:5)
  2 white imps
  2 ufetubi
  2 worms
  3 dart slugs (D:2)
  13 orcs
  11 ball pythons
  6 endoplasms
  3 giant cockroaches
  15 goblins
  7 hobgoblins
  6 jackals
  4 quokkas
  7 bats
  6 frilled lizards
  12 kobolds
  10 rats
161 creatures vanquished.

Notes
Turn   | Place    | Note
-------+----------+-------------------------------------------
     0 | D:1      | greasedhog the Gargoyle Venom Mage began the quest for the
                  | Orb.
     0 | D:1      | Reached XP level 1. HP: 10/10 MP: 3/3
   106 | D:1      | Reached skill level 1 in Transmutations
   149 | D:1      | Reached XP level 2. HP: 8/15 MP: 1/5
   424 | D:1      | Found Imuagh's Antique Weapon Shoppe.
   446 | D:1      | Learned a level 2 spell: Poisonous Vapours
   813 | D:1      | Reached XP level 3. HP: 19/19 MP: 4/6
  1062 | D:1      | Found a faded altar of an unknown god.
  1490 | D:2      | Learned a level 3 spell: Mephitic Cloud
  1853 | D:2      | Reached XP level 4. HP: 24/24 MP: 6/8
  1932 | D:2      | Reached skill level 4 in Poison Magic
  2813 | D:3      | Noticed Ijyb
  2821 | D:3      | Paralysed by Ijyb for 5 turns
  2824 | D:3      | Killed Ijyb
  3040 | D:3      | Reached XP level 5. HP: 23/28 MP: 7/10
  3441 | D:3      | Found a runed translucent door.
  3442 | D:3      | Noticed Crazy Yiuf
  3911 | D:3      | Reached skill level 5 in Poison Magic
  3922 | D:3      | Reached XP level 6. HP: 28/32 MP: 12/12
  4284 | D:3      | Noticed Robin
  4292 | D:3      | Killed Robin
  4845 | D:4      | Noticed Edmund
  4880 | D:4      | Killed Edmund
  4881 | D:4      | Reached XP level 7. HP: 9/36 MP: 10/14
  5149 | D:4      | Reached skill level 5 in Spellcasting
  5729 | D:4      | Reached skill level 1 in Fighting
  5729 | D:4      | Reached skill level 1 in Conjurations
  5729 | D:4      | Reached skill level 6 in Poison Magic
  5852 | D:5      | Entered Level 5 of the Dungeon
  5906 | D:5      | Found a sparkling altar of Nemelex Xobeh.
  6570 | D:5      | Reached XP level 8. HP: 43/45 MP: 15/15
  7181 | D:5      | Found a stormy altar of Qazlal.
  7181 | D:5      | Found a shimmering blue altar of Sif Muna.
  7182 | D:5      | Found an opulent altar of Gozag.
  7282 | D:5      | Reached skill level 7 in Poison Magic
  7417 | D:5      | Learned a level 4 spell: Olgreb's Toxic Radiance
  7420 | D:5      | Learned a level 2 spell: Blink
  7721 | D:6      | Identified the +0 ring mail "Touh" {Int+3}
  7754 | D:6      | Found a shadowy altar of Dithmenos.
  8045 | D:6      | Noticed Sigmund
  8072 | D:6      | Killed Sigmund
  8073 | D:6      | Reached skill level 5 in Fighting
  8073 | D:6      | Reached skill level 5 in Conjurations
  8073 | D:6      | Reached XP level 9. HP: 45/54 MP: 6/16
  8074 | D:6      | Reached skill level 1 in Armour
  8466 | D:6      | Reached skill level 8 in Poison Magic
  8536 | D:6      | Found Tirax's Armour Shop.
  8588 | D:7      | Found a staircase to the Ecumenical Temple.
  8589 | D:7      | Noticed a two-headed ogre
  8611 | D:7      | Slain by a two-headed ogre

Illustrated notes

Levels and vault maps discovered:
D:1:      dpeg_arrival_orchard, layout_loops_cross,
          ebering_ecumenical_altar_box, serial_shops, shop, item_on_display_a
D:2:      layout_basic, minmay_tetromino_o4
D:3:      layout_basic, uniq_ijyb, uniq_crazy_yiuf_cottage, uniq_robin
D:4:      layout_basic, nicolae_overflow_hidden_temple, minmay_misc_feat_square,
          uniq_edmund
D:5:      wad_river_or_something, layout_basic, overflow_temple_1_default,
          gammafunk_temple_overflow_claw
D:6:      layout_basic, lemuel_doored_altar, serial_shops,
          nicolae_shop_behind_doors, minmay_diced_spiral, uniq_sigmund
D:7:      layout_loops_ring, minmay_temple_entry_statues_pillars,
          enter_bailey_5, nicolae_shop_vocational

Skill      XL: |  1  2  3  4  5  6  7  8  9 |
---------------+----------------------------+-----
Transmutations | 1 |  1.0
Spellcasting   | 3 4 5 |  5.0
Poison Magic   | 4 5 6 7 8 |  8.0
Fighting       | 2 5 |  5.1
Conjurations   | 2 5 |  5.7
Armour         | 2 |  2.1
Dodging        | |  1.5
Stealth        | |  2.1

Action                   |  1- 3 |  4- 6 |  7- 9 || total
-------------------------+-------+-------+-------++-------
Melee: Unarmed           |    18 |       |       ||    18
       Punch             |     2 |     3 |     3 ||     8
       Club              |    17 |    20 |       ||    37
       Whip              |       |    90 |   104 ||   194
 Cast: Sting             |    63 |    85 |   110 ||   258
       Poisonous Vapours |     1 |     6 |       ||     7
       Mephitic Cloud    |       |     2 |    12 ||    14
       Olgreb's Toxic Ra |       |       |     6 ||     6
  Use: Scroll            |     2 |     2 |     1 ||     5
 Stab: Sleeping          |       |       |     1 ||     1
       Confused          |       |       |     2 ||     2
Armor: Robe              |    12 |     4 |     7 ||    23
       Leather armour    |       |    55 |    78 ||   133
Dodge: Dodged            |    56 |    73 |   108 ||   237
Block: Buckler           |       |       |     1 ||     1

Table legend: (Time is in decaauts)
 A = Elapsed time spent in this place.
 B = Non-inter-level travel time spent in this place.
 C = Inter-level travel time spent in this place.
 D = Time resting spent in this place.
 E = Time spent auto-exploring this place.
 F = Levels seen in this place.
 G = Mean time per level.
                   A        B        C        D        E       F      G
               +--------+--------+--------+--------+--------+-----+--------+
         Total |   8641 |   8406 |    235 |   1723 |   5506 |   7 | 1234.4 |
       Dungeon |   8641 |   8406 |    235 |   1723 |   5506 |   7 | 1234.4 |
               +--------+--------+--------+--------+--------+-----+--------+

Top non-repeatable levels by time:
     D:3: 1675 daAuts
     D:5: 1570 daAuts
     D:2: 1440 daAuts
     D:4: 1424 daAuts
     D:1: 1329 daAuts
     D:6: 1152 daAuts
     D:7: 48 daAuts
